 Dungeon Crawl Stone Soup version 0.31.0-9-g3a7656b989 (webtiles) character file.

Game seed: 9405116685311232876

58 qw the Shooter (level 3, -1/20 HPs)
             Began as a Deep Elf Hunter on Feb 2, 2024.
             Succumbed to their own poison gas
             ... on level 2 of the Dungeon.
             The game lasted 00:00:23 (1598 turns).

qw the Shooter (Deep Elf Hunter)                    Turns: 1598, Time: 00:00:24

Health: -1/20      AC:  6    Str:  9 (10) XL:     3   Next: 76%
Magic:  5/5        EV:  8    Int: 13      God:
Gold:   56         SH:  0    Dex: 17 (18) Spells: 2/2 levels left

rFire   . . .        a - +0 shortbow (drain)
rCold   . . .        (shield currently unavailable)
rNeg    . . .        k - +0 scale mail
rPois   .            (no helmet)
rElec   .            (no cloak)
rCorr   .            (no gloves)
SInv    .            (no boots)
Will    .....        (no amulet)
Stlth   +            (no ring)
HPRegen 0.23/turn    (no ring)
MPRegen 0.09/turn

%: no passive effects
@: lethally poisoned (-1 -> -32), on berserk cooldown, slowed, very slow
A: no striking features
a: no special abilities


You were on level 2 of the Dungeon.
You visited 1 branch of the dungeon, and saw 2 of its levels.

You collected 56 gold pieces.


   Skills:
 - Level 1.5 Fighting
 + Level 7.2 Ranged Weapons
 - Level 2.4 Dodging
 - Level 1.2 Stealth


You had 2 spell levels left.
You didn't know any spells.
Your spell library was empty.

Inventory:

Hand Weapons
 a - a +0 shortbow of draining (weapon)
Armour
 k - a +0 scale mail (worn)
Wands
 n - a wand of iceblast (13)
Scrolls
 g - 2 scrolls of teleportation
 o - a scroll of enchant armour
Potions
 d - a potion of haste
 e - a potion of curing
 h - a potion of lignification
 j - a potion of heal wounds
 l - a potion of magic {unknown}
 p - a potion of berserk rage

Dungeon Overview and Level Annotations

Branches:
Dungeon (2/15)

Altars:


Message History

1589 ||| READING scroll labelled CAVYGOOSIE.
As you read the scroll labelled CAVYGOOSIE, it crumbles to dust.
It is a scroll of brand weapon.
1589 ||| BRANDING +0 shortbow.
Your +0 shortbow craves living souls!
a - a +0 shortbow of draining (weapon)
Done exploring.
1590 ||| READING scroll labelled LIGONTE QUCAR.
As you read the scroll labelled LIGONTE QUCAR, it dissolves into smoke.
It was a scroll of fog.
Done exploring.
1591 ||| READING 2 scrolls labelled YNE ISCHISHRUALI.
As you read the scroll labelled YNE ISCHISHRUALI, it crumbles to dust.
It is a scroll of enchant armour.
1591 ||| ENCHANTING +0 shortbow of draining.
Done exploring.
1592 ||| READING scroll labelled QOOSIH JUFA.
The air fills with toxic fumes!
As you read the scroll labelled QOOSIH JUFA, it crumbles to dust.
It was a scroll of poison.
Done exploring.
1593 ||| DRINKING 2 sapphire potions.
It was a potion of berserk rage.
A red film seems to cover your vision as you go berserk!
You feel yourself moving faster!
You feel mighty!
1594 ||| FLEEEEING.
You feel a strong urge to attack something.
1595 ||| FLEEEEING.
1596 ||| FLEEEEING.
You feel your anger nearly subside.
You are engulfed in poison gas.
You are poisoned.
You feel very sick.
1597 ||| FLEEEEING.
You are engulfed in poison gas.
You are lethally poisoned!
You are no longer berserk.
You are exhausted.
You feel yourself slow down.
You feel very sick.
1598 ||| Stepping ~*~*~tactically~*~*~ (cloud).
Ouch! That really hurt!
You die...

#.# #.# #.##### #.# ##+## #...#
# #.# ##...## #.#.### #.##
##¤¤¤¤.## #...... #..##
##.¤¤¤¤..## ##.#.###
##...####¤¤¤¤¤....####....###
####.......+¤¤¤¤¤¤¤..'..........
#.........##¤¤¤¤¤¤..¤##.#....##.
#.###...#.###¤¤@....###.##.#.##.
#.# #.....# ##¤....## #.###...#.
#.# #.....# ##...## #.# #...#.
#.# ##....# ##+## #.###...#. #.#
##.#.# #.# #.........
#.#####.#.# #.# #####.####
#.........# ##.## #.# ##
#######)#######...## #.# #.
#.###........########.# #.


There were no monsters in sight!

Vanquished Creatures
  2 adders (D:2)
  A dart slug (D:2)
  An orc (D:2)
  2 bats (D:1)
  2 endoplasms
  A giant cockroach (D:2)
  3 goblins (D:1)
  6 hobgoblins (D:1)
  8 kobolds
  A quokka (D:1)
  5 ball pythons
  2 frilled lizards (D:1)
  A rat (D:1)
35 creatures vanquished.

Notes
Turn   | Place    | Note
-------+----------+-------------------------------------------
     0 | D:1      | qw the Deep Elf Hunter began the quest for the Orb.
     0 | D:1      | Reached XP level 1. HP: 12/12 MP: 3/3
     0 | D:1      | 0 ||| qw: Version: 0.3-a-155-g5e7d8dd
     0 | D:1      | 0 ||| qw: Game counter: 2863
     0 | D:1      | 0 ||| qw: Melee chars always use a shield: true
     0 | D:1      | 0 ||| qw: God list: Okawaru
     0 | D:1      | 0 ||| qw: Allow faded altars: false
     0 | D:1      | 0 ||| qw: Do Orc after clearing Dungeon:15 true
     0 | D:1      | 0 ||| qw: Do second Lair branch before Depths: true
     0 | D:1      | 0 ||| qw: Lair rune preference: random
     0 | D:1      | 0 ||| qw: Goals: Normal
     0 | D:1      | 0 ||| PLANNING D:1-11
   129 | D:1      | Reached XP level 2. HP: 16/16 MP: 4/4
   132 | D:1      | Reached skill level 6 in Ranged Weapons
   427 | D:1      | Reached XP level 3. HP: 16/20 MP: 5/5
   747 | D:1      | 747 ||| UPGRADING to +0 scale mail.
   757 | D:1      | 757 ||| DROPPING +0 leather armour.
   758 | D:1      | 758 ||| READING scroll labelled KULASTOCOWN.
   758 | D:1      | 758 ||| IDENTIFYING golden potion
   759 | D:1      | 759 ||| READING 3 scrolls labelled ZOIGRO XUNGISU.
   762 | D:1      | 762 ||| DRINKING 2 green potions.
   763 | D:1      | 763 ||| DRINKING 2 dark potions.
   764 | D:1      | 764 ||| DROPPING scroll of butterflies.
   765 | D:1      | 765 ||| DROPPING potion of degeneration.
   784 | D:2      | Identified the +0 leather armour of Duty {Str+3}
  1043 | D:2      | Reached skill level 7 in Ranged Weapons
  1585 | D:2      | 1585 ||| DROPPING +0 leather armour of Duty {Str+3}.
  1586 | D:2      | 1586 ||| READING 2 scrolls of identify.
  1586 | D:2      | 1586 ||| IDENTIFYING fizzy pink potion
  1587 | D:2      | 1587 ||| READING scroll of identify.
  1587 | D:2      | 1587 ||| IDENTIFYING amethyst potion
  1588 | D:2      | 1588 ||| READING scroll labelled KATOALOOTE.
  1589 | D:2      | 1589 ||| READING scroll labelled CAVYGOOSIE.
  1589 | D:2      | 1589 ||| BRANDING +0 shortbow.
  1590 | D:2      | 1590 ||| READING scroll labelled LIGONTE QUCAR.
  1591 | D:2      | 1591 ||| READING 2 scrolls labelled YNE ISCHISHRUALI.
  1591 | D:2      | 1591 ||| ENCHANTING +0 shortbow of draining.
  1592 | D:2      | 1592 ||| READING scroll labelled QOOSIH JUFA.
  1593 | D:2      | 1593 ||| DRINKING 2 sapphire potions.
  1594 | D:2      | 1594 ||| FLEEEEING.
  1595 | D:2      | 1595 ||| FLEEEEING.
  1596 | D:2      | 1596 ||| FLEEEEING.
  1597 | D:2      | 1597 ||| FLEEEEING.
  1598 | D:2      | 1598 ||| Stepping ~*~*~tactically~*~*~ (cloud).
  1598 | D:2      | Succumbed to their own poison gas

Levels and vault maps discovered:
D:1:      lightli_arrival_noodles, layout_loops_ring, roderic_roman_lattice
D:2:      layout_loops_corners, minmay_pentomino_v2

Skill      XL: |  1  2  3 |
---------------+----------+-----
Ranged Weapons | 6 7 |  7.2
Fighting       | |  1.5
Dodging        | |  2.4
Stealth        | |  1.2

Action                     || total
---------------------------++-------
   Fire: Shortbow          ||    83
    Use: Scroll            ||     9
         Potion            ||     3
 Armour: Leather armour    ||    10
         Scale mail        ||     9
  Dodge: Dodged            ||     7

Table legend:
 A = Non-vault XP
 B = Vault XP
 C = Vault XP percentage of total XP
 D = Non-vault monster count
 E = Vault monster count
 F = Vault count percentage of total count
                 A         B        C        D         E       F
            +---------+---------+-------+---------+---------+-------
      Total |      71 |      13 |  15.5 |      34 |       1 |   2.9
            +---------+---------+-------+---------+---------+-------
        D:1 |      43 |       0 |   0.0 |      26 |       0 |   0.0
        D:2 |      28 |      13 |  31.7 |       8 |       1 |  11.1
            +---------+---------+-------+---------+---------+-------
